Maple Leafs vs Flyers
Created - March 30, 2021 at 19:49
Goals
|
| Maple Leafs |
2 |
0 |
1 |
0 |
3 |
| Flyers |
0 |
0 |
3 |
1 |
4 |
|
Shots
|
| Maple Leafs |
11 |
9 |
13 |
0 |
33 |
| Flyers |
16 |
6 |
10 |
1 |
33 |
|
1st period
1. Maple Leafs , Patrick Kane 44 (Brayden Schenn 39, Claude Giroux 33) at 8:04 (PP)
2. Maple Leafs , Ben Smith 16 (Brayden Schenn 40, John Klingberg 36) at 9:52
Penalties :
Kevin Shattenkirk (Tor) for Hooking (Minor) at 1:55, Jakub Voracek (Phi) for Holding (Minor) at 7:53, Braydon Coburn (Tor) for High sticking (Minor) at 12:26
2nd period
No Goal
Penalties :
J.T. Miller (Phi) for Hooking (Minor) at 1:00, Ryan Parent (Tor) for Interference (Minor) at 9:38, Jeff Woywitka (Phi) for Hooking (Minor) at 18:33
3rd period
3. Flyers , Marcus Kruger 16 (Erik Christensen 15, Brian Lashoff 8) at 7:19
4. Maple Leafs , Jake Guentzel 12 (Brayden Schenn 41, Ben Smith 21) at 11:39
5. Flyers , Jordan Nolan 29 (Niclas Bergfors 21) at 12:50
6. Flyers , Jonathan Ericsson 5 (Marcus Kruger 27, Erik Christensen 16) at 14:31
Penalties :
Kevin Shattenkirk (Tor) for Hooking (Minor) at 3:10, Matthew Lombardi (Phi) for Hooking (Minor) at 15:35
Overtime #1
7. Flyers , Jordan Nolan 30 (Jakub Voracek 45) at 2:25
Penalties :
No Penalty
Goalie Stats
John Gibson (Tor), 29 saves from 33 shots - (0.879), OTL, 14-17-6, 62:25 minutes
Steve Mason (Phi), 30 saves from 33 shots - (0.909), W, 26-25-6, 62:25 minutes
Players Stats for Maple Leafs
Player Name G A P +/- PIM S H SB GA TA FO MP PP MP PK MP
------------------------------------------------------------------------------------
Andre Burakovsky 0 0 0 -1 0 3 0 0 0 0 1/2 10:59 0:00 0:00
Beau Bennett 0 0 0 -1 0 1 1 0 0 0 0/0 10:59 0:00 0:00
Ben Smith 1 1 2 0 0 3 1 0 0 0 1/1 15:44 2:24 0:00
Blake Comeau 0 0 0 0 0 0 1 0 1 0 0/0 5:40 0:00 0:00
Brayden Schenn 0 3 3 -1 0 2 1 2 0 0 7/19 22:09 3:44 2:36
Braydon Coburn 0 0 0 1 2 1 0 1 1 0 0/0 20:03 2:10 2:57
Calvin de Haan 0 0 0 -2 0 2 1 3 0 0 0/0 14:04 0:00 2:38
Chris Kelly 0 0 0 0 0 1 0 0 1 0 1/2 6:29 0:00 0:49
Claude Giroux 0 1 1 -1 0 2 0 0 2 0 0/3 25:02 3:44 4:49
Dany Heatley 0 0 0 0 0 0 0 1 0 0 0/1 6:05 0:00 0:25
Hampus Lindholm 0 0 0 1 0 0 1 2 1 2 0/0 20:36 2:10 3:25
Jake Guentzel 1 0 1 0 0 1 1 0 1 0 1/1 15:44 2:24 0:00
John Klingberg 0 1 1 -1 0 1 3 0 1 3 0/0 30:25 3:58 4:31
Kevin Shattenkirk 0 0 0 -1 4 3 1 2 2 1 0/0 29:41 3:58 2:21
Logan Couture 0 0 0 0 0 1 0 2 1 1 12/31 23:03 2:24 4:46
Mika Zibanejad 0 0 0 -1 0 1 1 0 0 1 5/7 10:59 0:00 0:00
Patrick Kane 1 0 1 0 0 10 3 0 1 3 1/1 22:21 3:44 2:27
Ryan Parent 0 0 0 -2 2 1 0 0 2 0 0/0 11:37 0:00 0:00
Players Stats for Flyers
Player Name G A P +/- PIM S H SB GA TA FO MP PP MP PK MP
------------------------------------------------------------------------------------
Brian Lashoff 0 1 1 1 0 0 0 0 0 0 0/0 10:59 0:00 0:45
Brock Nelson 0 0 0 0 0 1 0 0 0 0 0/1 9:14 0:00 2:07
Chris Mcallister 0 0 0 2 0 3 0 0 0 1 0/0 11:43 0:23 1:30
Drew Miller 0 0 0 -1 0 3 3 0 0 0 0/0 17:01 3:34 0:00
Erik Christensen 0 2 2 2 0 1 1 0 0 1 2/5 9:50 0:00 0:00
J.T. Miller 0 0 0 0 2 3 1 1 1 1 0/0 22:06 3:59 2:23
Jacob Trouba 0 0 0 1 0 1 1 2 1 1 0/0 21:37 3:10 2:10
Jakub Voracek 0 1 1 1 2 2 2 1 1 0 2/2 22:14 3:59 0:57
Jeff Carter 0 0 0 0 0 3 4 1 1 1 25/43 23:38 3:58 3:55
Jeff Woywitka 0 0 0 1 2 0 1 1 0 1 0/0 21:04 3:10 1:19
Jonathan Ericsson 1 0 1 0 0 2 3 0 1 2 0/0 29:59 4:46 3:23
Jordan Nolan 2 0 2 0 0 5 0 1 1 1 9/13 21:12 3:34 1:59
Marcus Kruger 1 1 2 2 0 2 1 0 1 1 0/0 10:14 0:24 0:00
Matt Smaby 0 0 0 0 0 0 3 2 2 1 0/0 29:59 4:46 3:23
Matthew Lombardi 0 0 0 0 2 0 0 0 0 0 1/2 7:12 0:00 0:00
Nathan Beaulieu 0 0 0 1 0 0 1 0 0 2 0/0 10:55 0:00 0:41
Niclas Bergfors 0 1 1 -1 0 5 0 0 2 0 0/1 17:01 3:34 0:00
Ryan Callahan 0 0 0 0 0 2 1 0 0 1 0/1 7:30 0:23 0:00
3 Stars
1 - Marcus Kruger (Phi)
2 - Jordan Nolan (Phi)
3 - Erik Christensen (Phi)
Power Play
Maple Leafs - 1 on 4 Attempt(s) - 25.00%
Flyers - 0 on 4 Attempt(s) - 0.00%
Penalty Kill
Maple Leafs - 4 on 4 Attempt(s) - 100.00%
- Score 0 goal in Penalty Kill
Flyers - 3 on 4 Attempt(s) - 75.00%
- Score 0 goal in Penalty Kill
Team Stat
Maple Leafs - Hits : 15 - Faceoff Wins : 29 - Blocked Shots : 13 - Penalty Minutes : 8
Flyers - Hits : 22 - Faceoff Wins : 39 - Blocked Shots : 9 - Penalty Minutes : 8
Official
Referees : Unknown
Linesman : Unknown
Game Notes
No Game Note
Finance
Level 1 -- Attendance: 4681 (78.02%) -- Ticket Income $585,125
Level 2 -- Attendance: 3360 (67.20%) -- Ticket Income $252,000
Level 3 -- Attendance: 1285 (64.25%) -- Ticket Income $64,250
Level 4 -- Attendance: 2354 (58.85%) -- Ticket Income $94,160
Luxury Box -- Attendance: 651 (65.10%) -- Ticket Income $162,750
Game was played at the Wells Fargo Center.
Total Attendance: 12331 (68.51%)
Total Ticket Income: $1,158,285
Other Income: $173,743
Total Income: $1,332,028
Maple Leafs
5 vs 5 Forward
Center Left Wing Right Wing Time % Phy DF OF
1 Logan Couture Claude Giroux Patrick Kane 40 1 2 2
2 Brayden Schenn Jake Guentzel Ben Smith 30 1 2 2
3 Mika Zibanejad Andre Burakovsky Beau Bennett 20 1 2 2
4 Chris Kelly Dany Heatley Blake Comeau 10 1 2 2
5 vs 5 Defense
Defense Defense Time % Phy DF OF
1 Kevin Shattenkirk John Klingberg 40 1 2 2
2 Braydon Coburn Hampus Lindholm 30 1 2 2
3 Ryan Parent Calvin de Haan 20 1 2 2
4 Kevin Shattenkirk John Klingberg 10 1 2 2
PowerPlay Forward
Center Left Wing Right Wing Time % Phy DF OF
1 Brayden Schenn Claude Giroux Patrick Kane 60 1 2 2
2 Logan Couture Jake Guentzel Ben Smith 40 1 2 2
PowerPlay Defense
Defense Defense Time % Phy DF OF
1 Kevin Shattenkirk John Klingberg 60 1 2 2
2 Braydon Coburn Hampus Lindholm 40 1 2 2
Penalty Kill 4 Players Forward
Center Wing Time % Phy DF OF
1 Logan Couture Claude Giroux 60 1 2 2
2 Brayden Schenn Patrick Kane 40 1 2 2
Penalty Kill 4 Players Defense
Defense Defense Time % Phy DF OF
1 Kevin Shattenkirk John Klingberg 60 1 2 2
2 Braydon Coburn Hampus Lindholm 40 1 2 2
Penalty Kill - 3 Players Forward
Forward Time % Phy DF OF
1 Brayden Schenn 60 1 2 2
2 Logan Couture 40 1 2 2
Penalty Kill - 3 Players Defense
Defense Defense Time % Phy DF OF
1 Kevin Shattenkirk John Klingberg 60 1 2 2
2 Braydon Coburn Hampus Lindholm 40 1 2 2
4 vs 4 Forward
Center Wing Time % Phy DF OF
1 Logan Couture Patrick Kane 60 1 2 2
2 Brayden Schenn Claude Giroux 40 1 2 2
4 vs 4 Defense
Defense Defense Time % Phy DF OF
1 Kevin Shattenkirk John Klingberg 60 1 2 2
2 Braydon Coburn Hampus Lindholm 40 1 2 2
Last Minutes Offensive
Center Left Wing Right Wing Defense Defense
Brayden Schenn Claude Giroux Patrick Kane Kevin Shattenkirk John Klingberg
Last Minutes Defensive
Center Left Wing Right Wing Defense Defense
Brayden Schenn Claude Giroux Patrick Kane Kevin Shattenkirk Braydon Coburn
Goaltenders
Starting : John Gibson
Backup : Tyler Weiman
Extra Forwards
Normal : Mika Zibanejad, Dany Heatley, Chris Kelly - PP : Mika Zibanejad, Dany Heatley - PK : Chris Kelly
Extra Defensemen
Normal : Ryan Parent, Calvin de Haan, Braydon Coburn - PP : Ryan Parent - PK : Calvin de Haan, Braydon Coburn
Penalty Shots
Claude Giroux, Patrick Kane, Brayden Schenn, Ben Smith, Logan Couture
Scratches
None
Flyers
5 vs 5 Forward
Center Left Wing Right Wing Time % Phy DF OF
1 Jeff Carter J.T. Miller Jakub Voracek 40 1 2 2
2 Jordan Nolan Drew Miller Niclas Bergfors 30 1 2 2
3 Erik Christensen Chris Mcallister Marcus Kruger 20 1 2 2
4 Matthew Lombardi Brock Nelson Ryan Callahan 10 1 2 2
5 vs 5 Defense
Defense Defense Time % Phy DF OF
1 Matt Smaby Jonathan Ericsson 40 1 2 2
2 Jeff Woywitka Jacob Trouba 30 1 2 2
3 Nathan Beaulieu Brian Lashoff 20 1 2 2
4 Matt Smaby Jonathan Ericsson 10 1 2 2
PowerPlay Forward
Center Left Wing Right Wing Time % Phy DF OF
1 Jeff Carter J.T. Miller Jakub Voracek 60 1 2 2
2 Jordan Nolan Drew Miller Niclas Bergfors 40 1 2 2
PowerPlay Defense
Defense Defense Time % Phy DF OF
1 Matt Smaby Jonathan Ericsson 60 1 2 2
2 Jeff Woywitka Jacob Trouba 40 1 2 2
Penalty Kill 4 Players Forward
Center Wing Time % Phy DF OF
1 Jeff Carter J.T. Miller 60 1 2 2
2 Jakub Voracek Jordan Nolan 40 1 2 2
Penalty Kill 4 Players Defense
Defense Defense Time % Phy DF OF
1 Matt Smaby Jonathan Ericsson 60 1 2 2
2 Jeff Woywitka Jacob Trouba 40 1 2 2
Penalty Kill - 3 Players Forward
Forward Time % Phy DF OF
1 Jeff Carter 60 1 2 2
2 J.T. Miller 40 1 2 2
Penalty Kill - 3 Players Defense
Defense Defense Time % Phy DF OF
1 Matt Smaby Jonathan Ericsson 60 1 2 2
2 Jeff Woywitka Jacob Trouba 40 1 2 2
4 vs 4 Forward
Center Wing Time % Phy DF OF
1 Jeff Carter J.T. Miller 60 1 2 2
2 Jakub Voracek Jordan Nolan 40 1 2 2
4 vs 4 Defense
Defense Defense Time % Phy DF OF
1 Matt Smaby Jonathan Ericsson 60 1 2 2
2 Jeff Woywitka Jacob Trouba 40 1 2 2
Last Minutes Offensive
Center Left Wing Right Wing Defense Defense
Jeff Carter J.T. Miller Jakub Voracek Matt Smaby Jonathan Ericsson
Last Minutes Defensive
Center Left Wing Right Wing Defense Defense
Jeff Carter J.T. Miller Jakub Voracek Matt Smaby Jonathan Ericsson
Goaltenders
Starting : Steve Mason
Backup : Ray Emery
Extra Forwards
Normal : Marcus Kruger, Chris Mcallister, Brock Nelson - PP : Marcus Kruger, Chris Mcallister - PK : Brock Nelson
Extra Defensemen
Normal : Nathan Beaulieu, Brian Lashoff, Jeff Woywitka - PP : Nathan Beaulieu - PK : Brian Lashoff, Jeff Woywitka
Penalty Shots
Jeff Carter, J.T. Miller, Jakub Voracek, Jordan Nolan, Niclas Bergfors
Scratches
Ilya Sorokin (Healthy)
% Time on Ice - Maple Leafs
Lines # - Real PCT - Wanted PCT - Time Play
Normal Forward
1 - 32% - 40% - 14:45
2 - 32% - 30% - 14:41
3 - 24% - 20% - 10:59
4 - 12% - 10% - 5:31
Normal Defense
1 - 41% - 40% - 18:45
2 - 30% - 30% - 13:49
3 - 25% - 20% - 11:24
4 - 4% - 10% - 1:58
PP Forward
1 - 61% - 60% - 3:44
2 - 39% - 40% - 2:24
PP Defense
1 - 65% - 60% - 3:58
2 - 35% - 40% - 2:10
PK Forward
1 - 69% - 60% - 5:29
2 - 31% - 40% - 2:27
PK Defense
1 - 61% - 60% - 4:51
2 - 39% - 40% - 3:05
PK3 Forward
1 - 0% - 60%
2 - 0% - 40%
PK3 Defense
1 - 0% - 60%
2 - 0% - 40%
44 Forward
1 - 28% - 60% - 0:41
2 - 72% - 40% - 1:44
44 Defense
1 - 87% - 60% - 2:06
2 - 13% - 40% - 0:19
Last Minute Offensive - 0:00
Last Minute Defensive - 0:00
Total
Forward - 62:25
Defense - 62:25
|
% Time on Ice - Flyers
Lines # - Real PCT - Wanted PCT - Time Play
Normal Forward
1 - 33% - 40% - 15:07
2 - 30% - 30% - 13:52
3 - 21% - 20% - 9:50
4 - 15% - 10% - 7:07
Normal Defense
1 - 41% - 40% - 18:39
2 - 33% - 30% - 15:17
3 - 22% - 20% - 10:14
4 - 4% - 10% - 1:46
PP Forward
1 - 55% - 60% - 4:22
2 - 45% - 40% - 3:34
PP Defense
1 - 60% - 60% - 4:46
2 - 40% - 40% - 3:10
PK Forward
1 - 85% - 60% - 5:11
2 - 15% - 40% - 0:57
PK Defense
1 - 55% - 60% - 3:23
2 - 45% - 40% - 2:45
PK3 Forward
1 - 0% - 60%
2 - 0% - 40%
PK3 Defense
1 - 0% - 60%
2 - 0% - 40%
44 Forward
1 - 26% - 60% - 0:38
2 - 74% - 40% - 1:47
44 Defense
1 - 59% - 60% - 1:25
2 - 41% - 40% - 1:00
Last Minute Offensive - 0:00
Last Minute Defensive - 0:00
Total
Forward - 62:25
Defense - 62:25
|
Play-by-Play
1st period
0:01 of 1st period - Logan Couture wins face-off versus Jeff Carter in neutral zone.
1:04 of 1st period - Snap shot by Niclas Bergfors.
1:04 of 1st period - Deflect By Drew Miller.
1:04 of 1st period - Shot Blocked by Dany Heatley.
1:04 of 1st period - Puck is out of play.
1:05 of 1st period - Mika Zibanejad wins face-off versus Erik Christensen in Maple Leafs zone.
1:55 of 1st period - Minor Penalty to Kevin Shattenkirk for Hooking.
1:56 of 1st period - Jeff Carter wins face-off versus Claude Giroux in Maple Leafs zone.
2:26 of 1st period - Slapshot by Matt Smaby.
2:26 of 1st period - Shot Blocked by Calvin de Haan.
2:28 of 1st period - Wrist shot by Jordan Nolan.
2:28 of 1st period - Stopped by John Gibson with a rebound.
2:30 of 1st period - Slapshot by Matt Smaby.
2:30 of 1st period - Shot Blocked by Calvin de Haan.
2:32 of 1st period - Backhand shot by Matt Smaby.
2:32 of 1st period - Deflect By Jordan Nolan.
2:32 of 1st period - Shot Misses the Net.
2:32 of 1st period - Puck is out of play.
2:33 of 1st period - Jeff Carter wins face-off versus Logan Couture in Maple Leafs zone.
3:27 of 1st period - Logan Couture is hit by Jonathan Ericsson.
3:35 of 1st period - Snap shot by Niclas Bergfors.
3:35 of 1st period - Stopped by John Gibson with a rebound.
3:37 of 1st period - Snap shot by Niclas Bergfors.
3:37 of 1st period - Stopped by John Gibson with a rebound.
3:39 of 1st period - Snap shot by Jeff Woywitka.
3:39 of 1st period - Shot Blocked by Brayden Schenn.
3:49 of 1st period - Braydon Coburn is hit by Jacob Trouba and loses puck.
3:55 of 1st period - Penalty to Kevin Shattenkirk is over, Kevin Shattenkirk is back on ice.
4:00 of 1st period - Brayden Schenn is hit by Drew Miller and loses puck.
4:15 of 1st period - Slapshot by Kevin Shattenkirk.
4:15 of 1st period - Shot Hit the Post.
4:39 of 1st period - Slapshot by Kevin Shattenkirk.
4:39 of 1st period - Stopped by Steve Mason with a rebound.
4:41 of 1st period - Wrist shot by Calvin de Haan.
4:41 of 1st period - Shot Blocked by Jeff Woywitka.
4:43 of 1st period - Snap shot by Patrick Kane.
4:43 of 1st period - Shot Blocked by Jacob Trouba.
5:05 of 1st period - Slapshot by Patrick Kane.
5:05 of 1st period - Stopped by Steve Mason without a rebound.
5:06 of 1st period - Jeff Carter wins face-off versus Mika Zibanejad in Flyers zone.
5:42 of 1st period - Icing by Matt Smaby.
5:43 of 1st period - Mika Zibanejad wins face-off versus Ryan Callahan in Flyers zone.
5:44 of 1st period - Slapshot by Hampus Lindholm.
5:44 of 1st period - Deflect By Andre Burakovsky.
5:44 of 1st period - Stopped by Steve Mason with a rebound.
5:52 of 1st period - Snap shot by Brock Nelson.
5:52 of 1st period - Stopped by John Gibson with a rebound.
5:54 of 1st period - Slapshot by Matt Smaby.
5:54 of 1st period - Deflect By Ryan Callahan.
5:54 of 1st period - Stopped by John Gibson without a rebound.
5:55 of 1st period - Andre Burakovsky wins face-off versus Jeff Carter in Maple Leafs zone.
6:20 of 1st period - Brian Lashoff is hit by Patrick Kane and loses puck.
6:29 of 1st period - Wrist shot by Marcus Kruger.
6:29 of 1st period - Shot Blocked by Kevin Shattenkirk.
6:31 of 1st period - Wrist shot by Chris Mcallister.
6:31 of 1st period - Stopped by John Gibson without a rebound.
6:32 of 1st period - Jeff Carter wins face-off versus Chris Kelly in Maple Leafs zone.
6:37 of 1st period - Snap shot by Jakub Voracek.
6:37 of 1st period - Shot Misses the Net.
7:42 of 1st period - Off-side.
7:43 of 1st period - Mika Zibanejad wins face-off versus Jeff Carter in neutral zone.
7:53 of 1st period - Minor Penalty to Jakub Voracek for Holding.
7:54 of 1st period - Brayden Schenn wins face-off versus Jeff Carter in Flyers zone.
8:00 of 1st period - Backhand shot by Claude Giroux.
8:00 of 1st period - Deflect By Patrick Kane.
8:00 of 1st period - Stopped by Steve Mason with a rebound.
8:02 of 1st period - Snap shot by Brayden Schenn.
8:02 of 1st period - Shot Hit the Post.
8:04 of 1st period - Snap shot by Patrick Kane.
8:04 of 1st period - Goal by Patrick Kane - Maple Leafs : 1 - Flyers : 0.
8:05 of 1st period - Logan Couture wins face-off versus Jeff Carter in neutral zone.
8:57 of 1st period - Andre Burakovsky is hit by Marcus Kruger and loses puck.
9:02 of 1st period - Snap shot by Marcus Kruger.
9:02 of 1st period - Stopped by John Gibson without a rebound.
9:03 of 1st period - Jeff Carter wins face-off versus Logan Couture in Maple Leafs zone.
9:08 of 1st period - Wrist shot by Jakub Voracek.
9:08 of 1st period - Stopped by John Gibson without a rebound.
9:09 of 1st period - Jeff Carter wins face-off versus Logan Couture in Maple Leafs zone.
9:14 of 1st period - Wrist shot by Jakub Voracek.
9:14 of 1st period - Shot Blocked by Logan Couture.
9:22 of 1st period - Snap shot by Hampus Lindholm.
9:22 of 1st period - Deflect By Patrick Kane.
9:22 of 1st period - Stopped by Steve Mason without a rebound.
9:23 of 1st period - Jeff Carter wins face-off versus Logan Couture in Flyers zone.
9:52 of 1st period - Wrist shot by Ben Smith.
9:52 of 1st period - Deflect By Jonathan Ericsson.
9:52 of 1st period - Goal by Ben Smith - Maple Leafs : 2 - Flyers : 0.
9:53 of 1st period - Logan Couture wins face-off versus Jeff Carter in neutral zone.
9:58 of 1st period - Matt Smaby is hit by Patrick Kane and loses puck.
10:09 of 1st period - Logan Couture is hit by Jakub Voracek and loses puck.
10:29 of 1st period - Wrist shot by Niclas Bergfors.
10:29 of 1st period - Stopped by John Gibson without a rebound.
10:30 of 1st period - Jeff Carter wins face-off versus Logan Couture in Maple Leafs zone.
10:43 of 1st period - Wrist shot by J.T. Miller.
10:43 of 1st period - Stopped by John Gibson without a rebound.
10:44 of 1st period - Logan Couture wins face-off versus Jeff Carter in Maple Leafs zone.
10:55 of 1st period - Slapshot by Kevin Shattenkirk.
10:55 of 1st period - Stopped by Steve Mason with a rebound.
11:41 of 1st period - Wrist shot by Ryan Parent.
11:41 of 1st period - Stopped by Steve Mason with a rebound.
12:08 of 1st period - Chris Kelly is hit by Jonathan Ericsson and loses puck.
12:26 of 1st period - Minor Penalty to Braydon Coburn for High sticking.
12:27 of 1st period - Logan Couture wins face-off versus Jeff Carter in Maple Leafs zone.
12:41 of 1st period - Icing by Jeff Carter.
12:42 of 1st period - Jeff Carter wins face-off versus Logan Couture in Flyers zone.
12:55 of 1st period - Logan Couture is hit by Matt Smaby.
13:03 of 1st period - Wrist shot by Jakub Voracek.
13:03 of 1st period - Shot Blocked by Logan Couture.
13:07 of 1st period - Snap shot by Jakub Voracek.
13:07 of 1st period - Stopped by John Gibson with a rebound.
13:11 of 1st period - Wrist shot by Jeff Carter.
13:11 of 1st period - Stopped by John Gibson without a rebound.
13:12 of 1st period - Jordan Nolan wins face-off versus Logan Couture in Maple Leafs zone.
13:19 of 1st period - Wrist shot by Niclas Bergfors.
13:19 of 1st period - Shot Blocked by Hampus Lindholm.
13:21 of 1st period - Wrist shot by Niclas Bergfors.
13:21 of 1st period - Stopped by John Gibson with a rebound.
13:39 of 1st period - J.T. Miller is hit by Brayden Schenn and loses puck.
13:51 of 1st period - Off-side.
13:52 of 1st period - Brayden Schenn wins face-off versus Jeff Carter in neutral zone.
14:17 of 1st period - Patrick Kane is hit by Drew Miller and loses puck.
14:22 of 1st period - Wrist shot by Drew Miller.
14:22 of 1st period - Stopped by John Gibson with a rebound.
14:26 of 1st period - Penalty to Braydon Coburn is over, Braydon Coburn is back on ice.
15:04 of 1st period - Matthew Lombardi is hit by John Klingberg and loses puck.
16:05 of 1st period - Wrist shot by Andre Burakovsky.
16:05 of 1st period - Stopped by Steve Mason without a rebound.
16:06 of 1st period - Jakub Voracek wins face-off versus Logan Couture in Flyers zone.
17:00 of 1st period - Snap shot by Andre Burakovsky.
17:00 of 1st period - Stopped by Steve Mason without a rebound.
17:01 of 1st period - Logan Couture wins face-off versus Jeff Carter in Flyers zone.
17:16 of 1st period - Slapshot by Jonathan Ericsson.
17:16 of 1st period - Stopped by John Gibson without a rebound.
17:17 of 1st period - Brayden Schenn wins face-off versus Jordan Nolan in Maple Leafs zone.
17:31 of 1st period - Jordan Nolan is hit by Jake Guentzel and loses puck.
17:51 of 1st period - Snap shot by Logan Couture.
17:51 of 1st period - Shot Blocked by Jeff Carter.
18:09 of 1st period - Snap shot by Erik Christensen.
18:09 of 1st period - Stopped by John Gibson without a rebound.
18:10 of 1st period - Erik Christensen wins face-off versus Andre Burakovsky in Maple Leafs zone.
18:14 of 1st period - Off-side.
18:15 of 1st period - Jeff Carter wins face-off versus Logan Couture in neutral zone.
19:54 of 1st period - J.T. Miller is hit by Hampus Lindholm and loses puck.
Goals for this period are 2 for Maple Leafs vs 0 for Flyers.
Shots for this period are 11 for Maple Leafs vs 16 for Flyers.
2nd period
0:01 of 2nd period - Patrick Kane wins face-off versus Jeff Carter in neutral zone.
0:26 of 2nd period - Snap shot by Niclas Bergfors.
0:26 of 2nd period - Stopped by John Gibson with a rebound.
0:28 of 2nd period - Snap shot by Jordan Nolan.
0:28 of 2nd period - Shot Misses the Net.
0:30 of 2nd period - Snap shot by Jeff Woywitka.
0:30 of 2nd period - Deflect By Jordan Nolan.
0:30 of 2nd period - Shot Misses the Net.
0:30 of 2nd period - Puck is out of play.
0:31 of 2nd period - Jordan Nolan wins face-off versus Brayden Schenn in Maple Leafs zone.
0:47 of 2nd period - Snap shot by Calvin de Haan.
0:47 of 2nd period - Stopped by Steve Mason without a rebound.
0:48 of 2nd period - Jeff Carter wins face-off versus Claude Giroux in Flyers zone.
1:00 of 2nd period - Minor Penalty to J.T. Miller for Hooking.
1:01 of 2nd period - Jeff Carter wins face-off versus Brayden Schenn in Flyers zone.
1:05 of 2nd period - Slapshot by Patrick Kane.
1:05 of 2nd period - Deflect By Jeff Carter.
1:05 of 2nd period - Stopped by Steve Mason without a rebound.
1:06 of 2nd period - Jeff Carter wins face-off versus Brayden Schenn in Flyers zone.
1:16 of 2nd period - Icing by Patrick Kane.
1:17 of 2nd period - Brayden Schenn wins face-off versus Jeff Carter in Maple Leafs zone.
1:34 of 2nd period - Wrist shot by Patrick Kane.
1:34 of 2nd period - Stopped by Steve Mason without a rebound.
1:35 of 2nd period - Jeff Carter wins face-off versus Logan Couture in Flyers zone.
2:04 of 2nd period - Slapshot by Braydon Coburn.
2:04 of 2nd period - Stopped by Steve Mason with a rebound.
2:06 of 2nd period - Slapshot by Braydon Coburn.
2:06 of 2nd period - Deflect By Claude Giroux.
2:06 of 2nd period - Shot Misses the Net.
2:06 of 2nd period - Puck is out of play.
2:07 of 2nd period - Jeff Carter wins face-off versus Brayden Schenn in Flyers zone.
3:00 of 2nd period - Penalty to J.T. Miller is over, J.T. Miller is back on ice.
3:17 of 2nd period - Icing by Andre Burakovsky.
3:18 of 2nd period - Jordan Nolan wins face-off versus Mika Zibanejad in Maple Leafs zone.
3:23 of 2nd period - Slapshot by Drew Miller.
3:23 of 2nd period - Shot Blocked by Kevin Shattenkirk.
3:49 of 2nd period - Brock Nelson is hit by Mika Zibanejad.
4:08 of 2nd period - Slapshot by Patrick Kane.
4:08 of 2nd period - Stopped by Steve Mason with a rebound.
4:10 of 2nd period - Snap shot by Claude Giroux.
4:10 of 2nd period - Shot Misses the Net.
4:12 of 2nd period - Slapshot by John Klingberg.
4:12 of 2nd period - Stopped by Steve Mason with a rebound.
5:50 of 2nd period - Snap shot by Marcus Kruger.
5:50 of 2nd period - Deflect By Chris Mcallister.
5:50 of 2nd period - Shot Blocked by Braydon Coburn.
5:50 of 2nd period - Puck is out of play.
5:51 of 2nd period - Erik Christensen wins face-off versus Brayden Schenn in Maple Leafs zone.
5:54 of 2nd period - Wrist shot by Chris Mcallister.
5:54 of 2nd period - Shot Misses the Net.
5:56 of 2nd period - Wrist shot by Erik Christensen.
5:56 of 2nd period - Shot Misses the Net.
6:38 of 2nd period - Snap shot by Brock Nelson.
6:38 of 2nd period - Shot Misses the Net.
6:40 of 2nd period - Snap shot by Matthew Lombardi.
6:40 of 2nd period - Shot Misses the Net.
6:42 of 2nd period - Snap shot by Ryan Callahan.
6:42 of 2nd period - Shot Misses the Net.
6:58 of 2nd period - Snap shot by Chris Kelly.
6:58 of 2nd period - Shot Blocked by Jordan Nolan.
7:57 of 2nd period - Brian Lashoff is hit by Beau Bennett and loses puck.
8:19 of 2nd period - John Klingberg is hit by Nathan Beaulieu and loses puck.
8:42 of 2nd period - Niclas Bergfors is hit by Patrick Kane and loses puck.
8:57 of 2nd period - Ben Smith is hit by Jeff Carter and loses puck.
9:10 of 2nd period - Snap shot by J.T. Miller.
9:10 of 2nd period - Stopped by John Gibson with a rebound.
9:38 of 2nd period - Minor Penalty to Ryan Parent for Interference.
9:39 of 2nd period - Logan Couture wins face-off versus Jeff Carter in Maple Leafs zone.
9:39 of 2nd period - Logan Couture is hit by Jeff Carter.
9:49 of 2nd period - Off-side.
9:50 of 2nd period - Jeff Carter wins face-off versus Logan Couture in neutral zone.
10:06 of 2nd period - Braydon Coburn is hit by Jeff Carter and loses puck.
11:38 of 2nd period - Penalty to Ryan Parent is over, Ryan Parent is back on ice.
11:55 of 2nd period - Mika Zibanejad is hit by Erik Christensen and loses puck.
12:11 of 2nd period - Slapshot by Ryan Callahan.
12:11 of 2nd period - Stopped by John Gibson without a rebound.
12:12 of 2nd period - Brayden Schenn wins face-off versus Brock Nelson in Maple Leafs zone.
12:17 of 2nd period - Nathan Beaulieu is hit by Ben Smith.
12:45 of 2nd period - Wrist shot by Jeff Carter.
12:45 of 2nd period - Stopped by John Gibson without a rebound.
12:46 of 2nd period - Jordan Nolan wins face-off versus Logan Couture in Maple Leafs zone.
12:49 of 2nd period - Wrist shot by Jordan Nolan.
12:49 of 2nd period - Stopped by John Gibson without a rebound.
12:50 of 2nd period - Logan Couture wins face-off versus Jordan Nolan in Maple Leafs zone.
13:23 of 2nd period - Snap shot by J.T. Miller.
13:23 of 2nd period - Shot Misses the Net.
13:25 of 2nd period - Slapshot by Jacob Trouba.
13:25 of 2nd period - Deflect By J.T. Miller.
13:25 of 2nd period - Shot Misses the Net.
13:25 of 2nd period - Puck is out of play.
13:26 of 2nd period - Brayden Schenn wins face-off versus Jeff Carter in Maple Leafs zone.
13:59 of 2nd period - Snap shot by Jordan Nolan.
13:59 of 2nd period - Shot Misses the Net.
14:19 of 2nd period - Wrist shot by Andre Burakovsky.
14:19 of 2nd period - Deflect By Beau Bennett.
14:19 of 2nd period - Shot Misses the Net.
14:19 of 2nd period - Puck is out of play.
14:20 of 2nd period - Jake Guentzel wins face-off versus Erik Christensen in Flyers zone.
14:58 of 2nd period - Wrist shot by Claude Giroux.
14:58 of 2nd period - Shot Misses the Net.
15:08 of 2nd period - Wrist shot by Calvin de Haan.
15:08 of 2nd period - Stopped by Steve Mason with a rebound.
15:10 of 2nd period - Wrist shot by Chris Kelly.
15:10 of 2nd period - Stopped by Steve Mason with a rebound.
15:12 of 2nd period - Snap shot by Calvin de Haan.
15:12 of 2nd period - Shot Misses the Net.
16:39 of 2nd period - Wrist shot by Andre Burakovsky.
16:39 of 2nd period - Shot Hit the Post.
17:19 of 2nd period - Wrist shot by Chris Mcallister.
17:19 of 2nd period - Stopped by John Gibson with a rebound.
17:57 of 2nd period - Ben Smith is hit by Ryan Callahan and loses puck.
18:33 of 2nd period - Minor Penalty to Jeff Woywitka for Hooking.
18:34 of 2nd period - Jeff Carter wins face-off versus Brayden Schenn in Flyers zone.
18:34 of 2nd period - Jeff Carter is hit by John Klingberg.
18:51 of 2nd period - Wrist shot by Patrick Kane.
18:51 of 2nd period - Shot Blocked by J.T. Miller.
19:07 of 2nd period - Slapshot by John Klingberg.
19:07 of 2nd period - Shot Blocked by Jakub Voracek.
19:09 of 2nd period - Snap shot by Logan Couture.
19:09 of 2nd period - Shot Misses the Net.
19:11 of 2nd period - Snap shot by Logan Couture.
19:11 of 2nd period - Deflect By Ben Smith.
19:11 of 2nd period - Stopped by Steve Mason with a rebound.
Goals for this period are 0 for Maple Leafs vs 0 for Flyers.
Shots for this period are 9 for Maple Leafs vs 6 for Flyers.
3rd period
0:01 of 3rd period - Jeff Carter wins face-off versus Brayden Schenn in neutral zone.
0:33 of 3rd period - Penalty to Jeff Woywitka is over, Jeff Woywitka is back on ice.
1:15 of 3rd period - Jonathan Ericsson is hit by Blake Comeau and loses puck.
1:44 of 3rd period - Snap shot by Jordan Nolan.
1:44 of 3rd period - Shot Misses the Net.
2:00 of 3rd period - Slapshot by J.T. Miller.
2:00 of 3rd period - Stopped by John Gibson without a rebound.
2:01 of 3rd period - Jeff Carter wins face-off versus Brayden Schenn in Maple Leafs zone.
2:18 of 3rd period - Snap shot by Brayden Schenn.
2:18 of 3rd period - Stopped by Steve Mason without a rebound.
2:19 of 3rd period - Jordan Nolan wins face-off versus Logan Couture in Flyers zone.
2:30 of 3rd period - Drew Miller is hit by Kevin Shattenkirk and loses puck.
2:35 of 3rd period - Wrist shot by Patrick Kane.
2:35 of 3rd period - Stopped by Steve Mason with a rebound.
3:03 of 3rd period - Slapshot by Nathan Beaulieu.
3:03 of 3rd period - Shot Blocked by Brayden Schenn.
3:10 of 3rd period - Minor Penalty to Kevin Shattenkirk for Hooking.
3:11 of 3rd period - Logan Couture wins face-off versus Jeff Carter in Maple Leafs zone.
3:52 of 3rd period - Patrick Kane is hit by J.T. Miller.
4:37 of 3rd period - Drew Miller is hit by John Klingberg and loses puck.
5:10 of 3rd period - Penalty to Kevin Shattenkirk is over, Kevin Shattenkirk is back on ice.
6:29 of 3rd period - Slapshot by Kevin Shattenkirk.
6:29 of 3rd period - Deflect By Jeff Woywitka.
6:29 of 3rd period - Stopped by Steve Mason with a rebound.
7:19 of 3rd period - Wrist shot by Marcus Kruger.
7:19 of 3rd period - Goal by Marcus Kruger - Maple Leafs : 2 - Flyers : 1.
7:20 of 3rd period - Jeff Carter wins face-off versus Logan Couture in neutral zone.
8:28 of 3rd period - Snap shot by Logan Couture.
8:28 of 3rd period - Stopped by Steve Mason without a rebound.
8:29 of 3rd period - Brayden Schenn wins face-off versus Niclas Bergfors in Flyers zone.
8:56 of 3rd period - Beau Bennett is hit by Jeff Carter and loses puck.
9:14 of 3rd period - Off-side.
9:15 of 3rd period - Chris Kelly wins face-off versus Erik Christensen in neutral zone.
9:26 of 3rd period - Snap shot by Chris Mcallister.
9:26 of 3rd period - Stopped by John Gibson without a rebound.
9:27 of 3rd period - Jeff Carter wins face-off versus Brayden Schenn in Maple Leafs zone.
9:42 of 3rd period - Snap shot by Ben Smith.
9:42 of 3rd period - Stopped by Steve Mason without a rebound.
9:43 of 3rd period - Jordan Nolan wins face-off versus Logan Couture in Flyers zone.
9:49 of 3rd period - Off-side.
9:50 of 3rd period - Jordan Nolan wins face-off versus Logan Couture in neutral zone.
9:53 of 3rd period - Wrist shot by Jordan Nolan.
9:53 of 3rd period - Stopped by John Gibson without a rebound.
9:54 of 3rd period - Jeff Carter wins face-off versus Logan Couture in Maple Leafs zone.
10:01 of 3rd period - Wrist shot by Jeff Carter.
10:01 of 3rd period - Stopped by John Gibson without a rebound.
10:02 of 3rd period - Jeff Carter wins face-off versus Logan Couture in Maple Leafs zone.
10:33 of 3rd period - Wrist shot by Patrick Kane.
10:33 of 3rd period - Stopped by Steve Mason with a rebound.
11:01 of 3rd period - Snap shot by Claude Giroux.
11:01 of 3rd period - Shot Blocked by Jacob Trouba.
11:03 of 3rd period - Slapshot by John Klingberg.
11:03 of 3rd period - Shot Misses the Net.
11:35 of 3rd period - Slapshot by Patrick Kane.
11:35 of 3rd period - Stopped by Steve Mason without a rebound.
11:36 of 3rd period - Ben Smith wins face-off versus Jordan Nolan in Flyers zone.
11:37 of 3rd period - Snap shot by Brayden Schenn.
11:37 of 3rd period - Shot Blocked by Matt Smaby.
11:39 of 3rd period - Snap shot by Jake Guentzel.
11:39 of 3rd period - Goal by Jake Guentzel - Maple Leafs : 3 - Flyers : 1.
11:40 of 3rd period - Jordan Nolan wins face-off versus Brayden Schenn in neutral zone.
11:55 of 3rd period - Snap shot by Brayden Schenn.
11:55 of 3rd period - Stopped by Steve Mason with a rebound.
12:07 of 3rd period - Andre Burakovsky is hit by Jonathan Ericsson.
12:16 of 3rd period - Icing by Beau Bennett.
12:17 of 3rd period - Mika Zibanejad wins face-off versus Matthew Lombardi in Maple Leafs zone.
12:28 of 3rd period - Wrist shot by Mika Zibanejad.
12:28 of 3rd period - Stopped by Steve Mason with a rebound.
12:48 of 3rd period - Snap shot by Jordan Nolan.
12:48 of 3rd period - Shot Blocked by Calvin de Haan.
12:50 of 3rd period - Snap shot by Jordan Nolan.
12:50 of 3rd period - Goal by Jordan Nolan - Maple Leafs : 3 - Flyers : 2.
12:51 of 3rd period - Logan Couture wins face-off versus Jeff Carter in neutral zone.
13:21 of 3rd period - Off-side.
13:22 of 3rd period - Jordan Nolan wins face-off versus Brayden Schenn in neutral zone.
13:27 of 3rd period - Wrist shot by Drew Miller.
13:27 of 3rd period - Stopped by John Gibson with a rebound.
13:29 of 3rd period - Snap shot by Drew Miller.
13:29 of 3rd period - Shot Blocked by Hampus Lindholm.
13:31 of 3rd period - Snap shot by Niclas Bergfors.
13:31 of 3rd period - Shot Misses the Net.
13:35 of 3rd period - Slapshot by Drew Miller.
13:35 of 3rd period - Stopped by John Gibson without a rebound.
13:36 of 3rd period - Logan Couture wins face-off versus Jeff Carter in Maple Leafs zone.
13:36 of 3rd period - Logan Couture is hit by Jakub Voracek.
14:02 of 3rd period - John Klingberg is hit by Drew Miller and loses puck.
14:13 of 3rd period - Slapshot by Ben Smith.
14:13 of 3rd period - Shot Blocked by Matt Smaby.
14:29 of 3rd period - Snap shot by Marcus Kruger.
14:29 of 3rd period - Shot Misses the Net.
14:31 of 3rd period - Wrist shot by Jonathan Ericsson.
14:31 of 3rd period - Goal by Jonathan Ericsson - Maple Leafs : 3 - Flyers : 3.
14:32 of 3rd period - Jeff Carter wins face-off versus Logan Couture in neutral zone.
15:35 of 3rd period - Minor Penalty to Matthew Lombardi for Hooking.
15:36 of 3rd period - Jeff Carter wins face-off versus Brayden Schenn in Flyers zone.
16:37 of 3rd period - Snap shot by Claude Giroux.
16:37 of 3rd period - Stopped by Steve Mason with a rebound.
16:39 of 3rd period - Slapshot by Claude Giroux.
16:39 of 3rd period - Stopped by Steve Mason with a rebound.
16:58 of 3rd period - Braydon Coburn is hit by Matt Smaby and loses puck.
17:33 of 3rd period - Hampus Lindholm is hit by Jeff Woywitka and loses puck.
17:35 of 3rd period - Penalty to Matthew Lombardi is over, Matthew Lombardi is back on ice.
17:45 of 3rd period - Jeff Woywitka is hit by Calvin de Haan and loses puck.
17:48 of 3rd period - Slapshot by Jacob Trouba.
17:48 of 3rd period - Stopped by John Gibson without a rebound.
17:49 of 3rd period - Mika Zibanejad wins face-off versus Jordan Nolan in Maple Leafs zone.
18:50 of 3rd period - Snap shot by Beau Bennett.
18:50 of 3rd period - Stopped by Steve Mason without a rebound.
18:51 of 3rd period - Matthew Lombardi wins face-off versus Dany Heatley in Flyers zone.
Goals for this period are 1 for Maple Leafs vs 3 for Flyers.
Shots for this period are 13 for Maple Leafs vs 10 for Flyers.
Overtime #1
0:01 of 1st overtime period - Logan Couture wins face-off versus Jeff Carter in neutral zone.
0:10 of 1st overtime period - Snap shot by Patrick Kane.
0:10 of 1st overtime period - Shot Misses the Net.
0:47 of 1st overtime period - Off-side.
0:48 of 1st overtime period - Jakub Voracek wins face-off versus Claude Giroux in neutral zone.
1:56 of 1st overtime period - Kevin Shattenkirk is hit by Matt Smaby and loses puck.
2:25 of 1st overtime period - Backhand shot by Jordan Nolan.
2:25 of 1st overtime period - Goal by Jordan Nolan - Maple Leafs : 3 - Flyers : 4.
Goals for this period are 0 for Maple Leafs vs 1 for Flyers.
Shots for this period are 0 for Maple Leafs vs 1 for Flyers.